 Dungeon Crawl Stone Soup version 0.27-a0-61-g21144fbd99 (webtiles) character file.

Game seed: 4154902489544772839

166 robertstho the Skirmisher (level 5, 0/48 HPs)
             Began as a Minotaur Monk on Jan 8, 2021.
             Succumbed to an adder's poison
             ... on level 3 of the Dungeon.
             The game lasted 00:02:26 (1651 turns).

robertstho the Skirmisher (Minotaur Monk)           Turns: 1651, Time: 00:02:27

Health: 0/48       AC: 10    Str: 17    XL:     5   Next: 22%
Magic:  4/4        EV: 12    Int:  7    God:
Gold:   120        SH:  0    Dex: 12    Spells: 4/4 levels left

rFire    . . .     SeeInvis .   a - +0 hand axe
rCold    . . .     Faith    .   (no shield)
rNeg     . . .     Spirit   .   l - +0 ring mail
rPois    .         Reflect  .   (helmet restricted)
rElec    .         Harm     .   k - +1 cloak
rCorr    .         Rampage  .   (no gloves)
Will     .....                  c - +2 pair of boots
Stlth    +.........             (no amulet)
HPRegen  0.16/turn              (no ring)
MPRegen  0.09/turn              (no ring)

@: lethally poisoned (0 -> -1)
A: retaliatory headbutt, horns 2
a: no special abilities


You were on level 3 of the Dungeon.
You visited 1 branch of the dungeon, and saw 3 of its levels.

You collected 120 gold pieces.

Inventory:

Hand Weapons
 a - a +0 hand axe (weapon)
Armour
 c - a +2 pair of boots (worn)
 k - a +1 cloak (worn)
 l - a +0 ring mail (worn)
Scrolls
 b - a scroll of remove curse {unknown}
 d - a scroll of enchant armour
 f - a scroll of identify {unknown}
 g - 2 scrolls of blinking {unknown}
 i - a scroll of amnesia {unknown}
 j - 2 scrolls of teleportation {unknown}
 m - a scroll of fear {unknown}


   Skills:
 * Level 5.2 Fighting
 + Level 4.8 Axes
 * Level 2.1 Armour
 + Level 4.1 Dodging
 - Level 1.5 Stealth


You had 4 spell levels left.
You didn't know any spells.
Your spell library was empty.

Dungeon Overview and Level Annotations

Branches:
Dungeon (3/15)

Altars:
Elyvilon
Ru


Innate Abilities, Weirdness & Mutations

You reflexively headbutt those who attack you in melee.
You have a pair of horns on your head.


Message History

The gnoll is moderately wounded.
You hit the gnoll but do no damage. You barely miss the gnoll.
The gnoll misses you. The gnoll hits you with a +0 halberd!
* * * LOW HITPOINT WARNING * * *
The gnoll completely misses you.
Unknown command.
You barely miss the gnoll.
The gnoll is moderately wounded.
You hit the gnoll. You barely miss the gnoll. The gnoll barely misses you.
The gnoll hits you with a +0 halberd!
* * * LOW HITPOINT WARNING * * *
The gnoll hits you with a cursed -1 spear.
* * * LOW HITPOINT WARNING * * *
It was a potion of cancellation.
You feel magically purged. The gnoll hits you.
* * * LOW HITPOINT WARNING * * *
The gnoll closely misses you. The gnoll hits you but does no damage.
As you read the scroll labelled VOSHRO QIWNEMNO, it crumbles to dust.
It is a scroll of enchant armour.
Your +0 cloak glows green for a moment.
You die...

#.# #..# #.# #..# ###.#
#..# ####...#####..#
#.........##..#####.
####.##.####...........
.....##.#######..#####
.....##........g†#
..........######@#
..........### #gg....#
....#........ .r.##.##
....#.....### ##>##
....#.....######.#
.......<.........#
.########.######## .
... ###


You could see 3 gnolls and a rat.

Vanquished Creatures
  An orc priest (D:3)
  2 gnolls
  5 adders
  An ooze (D:2)
  3 dart slugs
  2 leopard geckos
  3 orcs (D:3)
  2 ball pythons (D:2)
  7 bats
  2 giant cockroaches
  6 goblins
  7 hobgoblins
  3 kobolds
  A quokka (D:2)
  7 frilled lizards
  6 rats
58 creatures vanquished.

Vanquished Creatures (others)
  7 plants (D:1)
7 creatures vanquished.

Grand Total: 65 creatures vanquished

Notes
Turn   | Place    | Note
-------+----------+-------------------------------------------
     0 | D:1      | robertstho the Minotaur Monk began the quest for the Orb.
     0 | D:1      | Reached XP level 1. HP: 19/19 MP: 0/0
   186 | D:1      | Reached skill level 4 in Fighting
   186 | D:1      | Reached XP level 2. HP: 27/27 MP: 1/1
   257 | D:1      | Reached skill level 1 in Armour
   336 | D:1      | Reached XP level 3. HP: 30/33 MP: 2/2
   879 | D:2      | Found a sacrificial altar of Ru.
   879 | D:2      | Found a white marble altar of Elyvilon.
  1126 | D:2      | Reached XP level 4. HP: 41/41 MP: 3/3
  1144 | D:2      | Found a faded altar of an unknown god.
  1528 | D:2      | Reached skill level 5 in Fighting
  1643 | D:3      | Reached XP level 5. HP: 39/48 MP: 4/4
  1649 | D:3      | HP: 1/48 [gnoll/cursed -1 spear (2)]
  1651 | D:3      | Succumbed to an adder's poison

Illustrated notes

Levels and vault maps discovered:
D:1:      minmay_arrival_doors, layout_loops_ring, chequers_big_river
D:2:      layout_loops_cross, grunt_temple_overflow_open,
          chequers_ecumenical_altar_grove, minmay_surrounded
D:3:      kennysheep_big_flooded_room, layout_loops_ring

Skill      XL: |  1  2  3  4 |
---------------+-------------+-----
Fighting       | 4 5 |  5.2
Axes           | 4 |  4.8
Armour         | 1 2 |  2.1
Dodging        | 4 |  4.1
Stealth        | |  1.5

Action                   |  1- 3 |  4- 6 || total
-------------------------+-------+-------++-------
Melee: Hand axe          |    73 |    37 ||   110
       Headbutt          |    11 |     4 ||    15
  Use: Potion            |       |     2 ||     2
       Scroll            |       |     1 ||     1
 Stab: Sleeping          |     2 |       ||     2
Armor: Robe              |    12 |       ||    12
       Ring mail         |    12 |    22 ||    34
Dodge: Dodged            |    48 |    32 ||    80

Table legend: (Time is in decaauts)
 A = Elapsed time spent in this place.
 B = Non-inter-level travel time spent in this place.
 C = Inter-level travel time spent in this place.
 D = Time resting spent in this place.
 E = Time spent auto-exploring this place.
 F = Levels seen in this place.
 G = Mean time per level.
                   A        B        C        D        E       F      G
               +--------+--------+--------+--------+--------+-----+--------+
         Total |   1681 |   1627 |     54 |      0 |   1271 |   3 |  560.3 |
       Dungeon |   1681 |   1627 |     54 |      0 |   1271 |   3 |  560.3 |
               +--------+--------+--------+--------+--------+-----+--------+

Top non-repeatable levels by time:
     D:1: 903 daAuts
     D:2: 724 daAuts
     D:3: 52 daAuts
